 Dungeon Crawl Stone Soup version 0.31-a0-408-gb642c7f9a3 (webtiles) character file.

Game seed: 2029398135948132270

49 senseless the Changeling (level 3, 0/27 HPs)
             Began as a Merfolk Shapeshifter on July 29, 2023.
             Slain by a kobold
             ... wielding a +0 short sword
              (2 damage)
             ... on level 2 of the Dungeon.
             The game lasted 00:03:10 (1260 turns).

senseless the Changeling (Merfolk Shapeshifter)     Turns: 1260, Time: 00:03:11

Health: 0/27       AC:  2    Str: 17    XL:     3   Next: 77%
Magic:  3/3        EV: 13    Int:  7    God:
Gold:   75         SH:  0    Dex: 14    Spells: 2/2 levels left

rFire   . . .        i - +2 mace (protect)
rCold   . . .        (no shield)
rNeg    . . .        a - +0 animal skin
rPois   .            (helmet currently unavailable)
rElec   .            (cloak currently unavailable)
rCorr   .            (gloves currently unavailable)
SInv    .            (boots currently unavailable)
Will    .....        (no amulet)
Stlth   +            (no ring)
HPRegen 0.24/turn    (no ring)
MPRegen 0.08/turn

%: no passive effects
@: beast-form
A: beast (slay +3), (nimble swimmer 2), mertail
a: Begin Untransformation


You were on level 2 of the Dungeon.
You were a hulking beast.
You visited 1 branch of the dungeon, and saw 3 of its levels.

You collected 75 gold pieces.

Inventory:

Hand Weapons
 i - a +2 mace of protection (weapon)
Armour
 a - a +0 animal skin (worn)
 o - a +0 helmet
 r - an orb of energy
Talismans
 c - a beast talisman
Scrolls
 e - a scroll of immolation {unknown}
 f - a scroll of fear {unknown}
 g - 2 scrolls of teleportation {unknown}
 h - 2 scrolls of identify {unknown}
 j - a scroll of torment {unknown}
 l - a scroll of revelation {unknown}
 n - a scroll of noise {unknown}
 p - a scroll of fog {unknown}
Potions
 b - a potion of lignification
 d - a potion of curing {unknown}
 k - a potion of invisibility {unknown}
 m - a potion of magic {unknown}
 q - a potion of haste {unknown}


   Skills:
 + Level 2.0 Fighting
 + Level 3.3 Dodging
 + Level 3.6 Unarmed Combat
 * Level 4.7 Shapeshifting


You had 2 spell levels left.
You didn't know any spells.
Your spell library contained the following spells:

 Spells                   Type           Power      Damage    Failure   Level
 Summon Small Mammal      Summ           0%         N/A       43%         1
 Sublimation of Blood     Necr           0%         N/A       56%         2
 Wereblood                Tmut           0%         N/A       56%         2
 Call Canine Familiar     Summ           0%         N/A       80%         3
 Summon Guardian Golem    Hex/Summ       0%         N/A       80%         3
 Summon Hydra             Summ           0%         N/A       100%        7


Dungeon Overview and Level Annotations

Branches:
Dungeon (3/15)

Altars:


Innate Abilities, Weirdness & Mutations

You are a hulking beast.
Your limbs bulge with bestial killing power. (Slay +3)
((You are very nimble when in or above water. (Stealth+, EV+, Speed+++)))
Your lower body shifts to a powerful aquatic tail in water.


Message History

You sock the adder!
You kill the adder!
The orc barely misses you. The rat barely misses you.
The orc hits you but does no damage. The rat barely misses you.
The rat attacks as you move away! The rat bites you but does no damage.
The orc hits you with a +0 flail. The rat attacks as you move away!
The rat barely misses you. The orc hits you with a +0 flail.
* * * LOW HITPOINT WARNING * * *
You sock the orc!
Your weapon exudes an aura of protection.
You kill the orc!
You hit the rat.
You kill the rat!
You thump the orc!
You kill the orc!
Your Fighting skill increases to level 2!
Items here: )) [ †††.
Things that are here:
a +0 leather armour; a +0 hand axe; an orc corpse You start resting.
HP restored.
There is a stone staircase leading down, spattered with blood here.
You climb downwards.
The kobold hits you with a +0 short sword.
The orc misses you. The orc hits you with a +0 whip.
The kobold closely misses you.
There is a stone staircase leading up, spattered with blood here.
The orc barely misses you.
The kobold hits you with a +0 short sword.
You climb upwards.
There is a stone staircase leading down, spattered with blood here.
You barely miss the kobold. The orc hits you with a +0 whip.
The worm bites you!
* * * LOW HITPOINT WARNING * * *
The kobold closely misses you.
You closely miss the kobold. The orc hits you with a +0 whip.
* * * LOW HITPOINT WARNING * * *
The kobold hits you with a +0 short sword.
You die...

### ###..........♣.♣##.........
..# #........#...# ###♣#♣.♣.♣ ..#
#........##..# ##........ ..#
#..........#.# #..♣.♣.♣.♣
..#######..#####.....###.#..#####
......#...## ##......#.#.## #
.........## ###.........#
.>######.###########........# ###
##........Khw###.<.....#
#..#########o).........# ♣.♣♣
#####....(..#### ♣♣♣.♣♣♣
##............## ♣♣PP.PP♣♣
####...#...........
♣PP...PP♣♣###.....###.#♣.♣.....
#♣♣P.....P♣♣...<##.## #.##.......
......⌠......###...# #.#♣.♣#####
.♣♣P.....P♣♣###..### #.##..#


You could see a worm, an orc and a kobold.

Vanquished Creatures
  An adder (D:2)
  A worm (D:2)
  A dart slug (D:1)
  4 orcs (D:2)
  3 bats
  An endoplasm (D:1)
  2 giant cockroaches (D:2)
  3 goblins
  2 hobgoblins
  2 jackals (D:1)
  3 kobolds
  A quokka (D:2)
  3 ball pythons
  2 rats (D:2)
29 creatures vanquished.

Notes
Turn   | Place    | Note
-------+----------+-------------------------------------------
     0 | D:1      | senseless the Merfolk Shapeshifter began the quest for the
                  | Orb.
     0 | D:1      | Reached XP level 1. HP: 15/15 MP: 1/1
   290 | D:1      | Reached XP level 2. HP: 19/21 MP: 2/2
   766 | D:2      | Reached XP level 3. HP: 27/27 MP: 3/3
  1260 | D:2      | Slain by a kobold

Illustrated notes

Levels and vault maps discovered:
D:1:      lightli_arrival_statue_moat, layout_loops_cross, serial_rivers,
          chequers_serial_rivers_micro_c, chequers_serial_rivers_micro_c,
          chequers_serial_rivers_room_a, chequers_serial_rivers_large_a
D:2:      layout_rooms, serial_forest, infiniplex_forest_side_room,
          infiniplex_forest_fountain, infiniplex_forest_clump_small,
          infiniplex_forest_lined_2, infiniplex_forest_lined_2,
          infiniplex_forest_lined_3
D:3:      layout_rooms, mainiacjoe_overflow_chevrons, uniq_crazy_yiuf_cottage

Skill      XL: |  1  2  3 |
---------------+----------+-----
Dodging        | 3 |  3.3
Fighting       | 2 |  2.0
Unarmed Combat | |  3.6
Shapeshifting  | |  4.7

Action                     || total
---------------------------++-------
  Melee: Mace              ||    65
         Unarmed           ||     2
         Punch             ||     1
   Stab: Sleeping          ||     1
 Armour: Animal skin       ||    24
  Dodge: Dodged            ||    62

Table legend: (Time is in decaauts)
 A = Elapsed time spent in this place.
 B = Non-inter-level travel time spent in this place.
 C = Inter-level travel time spent in this place.
 D = Time resting spent in this place.
 E = Time spent auto-exploring this place.
 F = Levels seen in this place.
 G = Mean time per level.
                   A        B        C        D        E       F      G
               +--------+--------+--------+--------+--------+-----+--------+
         Total |   1274 |   1191 |     83 |     93 |    880 |   3 |  424.7 |
       Dungeon |   1274 |   1191 |     83 |     93 |    880 |   3 |  424.7 |
               +--------+--------+--------+--------+--------+-----+--------+

Top non-repeatable levels by time:
     D:2: 705 daAuts
     D:1: 562 daAuts
     D:3: 6 daAuts
